 Dungeon Sprint DCSS version 0.32-a0-999-gfa1cc04b1d (webtiles) character file.

Game seed: 1607466940364845191

679 wilfster70 the Basher (level 7, -8/70 HPs)
             Began as a Minotaur Fighter on Apr 25, 2024.
             Was an Initiate of Gozag.
             Mangled by a vampire (10 damage)
             ... in the Dungeon (Sprint IX: "|||||||||||||||||||||||||||||").
             The game lasted 00:02:12 (325 turns).

wilfster70 the Basher (Minotaur Fighter)             Turns: 325, Time: 00:02:12

Health: -8/70      AC: 11    Str: 23    XL:     7   Next: 34%
Magic:  6/6        EV: 13    Int:  5    God:    Gozag
Gold:   0          SH:  4    Dex:  9    Spells: 6/6 levels left

rFire   . . .        a - +0 flail
rCold   . . .        c - +0 buckler
rNeg    . . .        b - +0 scale mail
rPois   .            (helmet restricted)
rElec   .            m - +0 cloak
rCorr   .            (no gloves)
SInv    .            (no boots)
Will    .....        (no amulet) Stlth
                     n - +2 ring of evasion
HPRegen 0.31/turn    o - +2 ring of protection
MPRegen 0.10/turn

%: no teleportation
@: invisible
A: horns 2, retaliatory headbutt
a: Renounce Religion, Potion Petition, Call Merchant, Bribe Branch


You were in the Dungeon.
You worshipped Gozag.
Gozag was noncommittal.
You visited 1 branch

Inventory:

Hand Weapons
 a - a +0 flail (weapon)
Armour
 b - a +0 scale mail (worn)
 c - a +0 buckler (worn)
 m - a +0 cloak (worn)
Jewellery
 n - a +2 ring of evasion (left hand)
 o - a +2 ring of protection (right hand)
Wands
 l - a wand of quicksilver (10)
Scrolls
 j - a scroll of blinking
 k - 2 scrolls of amnesia
Potions
 e - 5 potions of curing
 g - a potion of haste
 h - 4 potions of magic


   Skills:
 + Level 9.4 Fighting
 * Level 12.3 Maces & Flails
 + Level 9.4 Armour
 + Level 7.8 Dodging
 - Level 3.6 Shields


You had 6 spell levels left.
You didn't know any spells.
Your spell library was empty.

Dungeon Overview and Level Annotations

Branches:
Dungeon (1/1)

Altars:
Cheibriados
Dithmenos
Elyvilon
Fedhas
Gozag
Hepliaklqana
Kikubaaqudgha
Makhleb
Nemelex Xobeh
Okawaru
Qazlal
Ru
Sif Muna
Trog
Uskayaw
Vehumet
Wu Jian
Xom
Yredelemnul
Zin
The Shining One
Beogh
Jiyva
Lugonu


Innate Abilities, Weirdness & Mutations

You have a pair of horns on your head.
You reflexively headbutt those who attack you in melee.


Message History

You miss something. Something hits you! Something bites you but does no damage.
The orc wizard points at the howler monkey and mumbles some strange words.
The howler monkey appears confused.
You bump into the unnaturally hard rock wall.
The howler monkey howls!
The howler monkey hits something but does no damage.
Something hits you but does no damage. Something bites you!
Something draws strength from your injuries!
You bump into the unnaturally hard rock wall.
The howler monkey hits something.
The howler monkey hits itself.
Something hits you! Something bites you.
Something draws strength from your injuries!
You're too confused to move!
Something hits you but does no damage. Something bites you but does no damage.
You bump into the unnaturally hard rock wall.
The howler monkey hits itself.
Something hits you but does no damage. Something bites you!
* * * LOW HITPOINT WARNING * * *
Something draws strength from your injuries!
The howler monkey hits something.
You miss something. Something hits you.
* * * LOW HITPOINT WARNING * * *
Something bites you!
* * * LOW HITPOINT WARNING * * *
Something draws strength from your injuries!
The howler monkey hits itself!
You hit something but do no damage. Your headbutt misses something.
The orc wizard points at you and mumbles some strange words.
The howler monkey resists with significant effort.
The howler monkey barely misses something.
You're too confused to move!
You feel less confused.
The howler monkey howls!
Something hits you but does no damage. Something bites you but does no damage.
The orc wizard points at the howler monkey and mumbles some strange words.
The howler monkey appears confused.
The howler monkey howls!
You closely miss something. You headbutt something. Something hits you!
You die...
Your body crumbles into a pile of gold. ▓▓▓▓▓▓▓▓▓▓▓▓▓▓▓▓▓▓▓▓▓▓▓▓▓▓▓▓ __________'..oh{@....÷)...<▓ ▓▓▓▓▓▓▓▓▓▓▓▓▓▓▓▓▓▓▓▓▓▓▓▓▓▓▓▓

You could see a howler monkey (confused, unable to see you) and an orc wizard (unable to see you).

Vanquished Creatures
  2 wyverns (D)
  A vampire (D)
  A water moccasin (D)
  An ogre (D)
  A bombardier beetle (D)
  An adder (D)
  A dart slug (D)
  An orc (D)
  An endoplasm (D)
  A giant cockroach (D)
  A hobgoblin (D)
  A kobold (D)
13 creatures vanquished.

Notes
Turn   | Place    | Note
-------+----------+-------------------------------------------
     0 | D        | wilfster70 the Minotaur Fighter began the quest for the
                  | Orb.
     0 | D        | Reached XP level 1. HP: 19/19 MP: 0/0
     8 | D        | Reached skill level 3 in Maces & Flails
     8 | D        | Reached skill level 1 in Dodging
    12 | D        | Reached XP level 2. HP: 27/27 MP: 1/1
    17 | D        | Noticed a water moccasin
    17 | D        | Noticed a bombardier beetle
    17 | D        | Noticed an ogre
    21 | D        | Reached skill level 4 in Maces & Flails
    26 | D        | Killed an ogre
    27 | D        | Reached skill level 5 in Fighting
    27 | D        | Reached skill level 7 in Maces & Flails
    27 | D        | Reached skill level 5 in Armour
    27 | D        | Reached XP level 3. HP: 11/37 MP: 2/2
    27 | D        | Reached XP level 4. HP: 13/44 MP: 3/3
    29 | D        | Killed a water moccasin
    30 | D        | Reached skill level 9 in Maces & Flails
    30 | D        | Reached skill level 5 in Dodging
    30 | D        | Reached XP level 5. HP: 12/52 MP: 4/4
   179 | D        | Found a roughly hewn altar of Beogh.
   179 | D        | Found a snail-covered altar of Cheibriados.
   179 | D        | Found a shadowy altar of Dithmenos.
   179 | D        | Found a white marble altar of Elyvilon.
   179 | D        | Found a blossoming altar of Fedhas.
   179 | D        | Found an opulent altar of Gozag.
   180 | D        | Found a hazy altar of Hepliaklqana.
   181 | D        | Found a viscous altar of Jiyva.
   182 | D        | Found an ancient bone altar of Kikubaaqudgha.
   183 | D        | Found a corrupted altar of Lugonu.
   184 | D        | Found a burning altar of Makhleb.
   185 | D        | Found a sparkling altar of Nemelex Xobeh.
   186 | D        | Found an iron altar of Okawaru.
   187 | D        | Became a worshipper of Gozag Ym Sagoz the Greedy
   188 | D        | Found a stormy altar of Qazlal.
   189 | D        | Found a sacrificial altar of Ru.
   190 | D        | Found a shimmering blue altar of Sif Muna.
   191 | D        | Found a bloodstained altar of Trog.
   192 | D        | Found a hide-covered altar of Uskayaw.
   193 | D        | Found a radiant altar of Vehumet.
   194 | D        | Found an ornate altar of the Wu Jian Council.
   195 | D        | Found a shimmering altar of Xom.
   196 | D        | Found a basalt altar of Yredelemnul.
   197 | D        | Found a glowing silver altar of Zin.
   198 | D        | Found a glowing golden altar of the Shining One.
   234 | D        | Noticed a vampire
   234 | D        | Noticed a wyvern
   234 | D        | Noticed a vampire
   234 | D        | Noticed a wyvern
   239 | D        | Killed a wyvern
   240 | D        | Reached skill level 10 in Maces & Flails
   240 | D        | Reached XP level 6. HP: 43/62 MP: 5/5
   244 | D        | Killed a vampire
   245 | D        | Reached skill level 11 in Maces & Flails
   245 | D        | Reached XP level 7. HP: 62/69 MP: 6/6
   252 | D        | Killed a wyvern
   253 | D        | Reached skill level 12 in Maces & Flails
   322 | D        | HP: 1/70 [something (10)]
   325 | D        | Mangled by a vampire

Illustrated notes

Levels and vault maps discovered:
D:        linesprint [early_d, line_temple, items_1, d_10, items_2, lair_1,
          lair_end, items_3, orc_1, orc_end, items_4, d_15, swamp_1, shoals_1,
          snake_1, spider_1, d_20, vaults_1, items_5, swamp_end, shoals_end,
          snake_end, spider_end, vaults_end, d_27, items_6, zot_1, zot_end,
          crypt_end, forest_end, elf_end, slime_end, tomb_end, abyss_end,
          pan_hell_end]

Skill      XL: |  1  2  3  4  5  6  7 |
---------------+----------------------+-----
Maces & Flails | 3 7 9 10 11 12 | 12.3
Dodging        | 1 4 5 6 7 |  7.8
Fighting       | 4 5 7 8 9 |  9.4
Armour         | 4 5 7 8 9 |  9.4
Shields        | |  3.6

Action                     |  1- 3 |  4- 6 |  7- 9 || total
---------------------------+-------+-------+-------++-------
  Melee: Flail             |    15 |    15 |    20 ||    50
         Headbutt          |     1 |     4 |     5 ||    10
    Use: Potion            |     1 |     1 |     4 ||     6
         Scroll            |       |       |     1 ||     1
 Armour: Scale mail        |     2 |     8 |    38 ||    48
  Dodge: Dodged            |     5 |     7 |    20 ||    32
  Block: Buckler           |     2 |       |     7 ||     9

Table legend: (Time is in decaauts)
 A = Elapsed time spent in this place.
 B = Non-inter-level travel time spent in this place.
 C = Inter-level travel time spent in this place.
 D = Time resting spent in this place.
 E = Time spent auto-exploring this place.
 F = Levels seen in this place.
 G = Mean time per level.
                   A        B        C        D        E       F      G
               +--------+--------+--------+--------+--------+-----+--------+
         Total |    336 |    336 |      0 |    135 |      0 |   1 |  336.0 |
       Dungeon |    336 |    336 |      0 |    135 |      0 |   1 |  336.0 |
               +--------+--------+--------+--------+--------+-----+--------+

Top non-repeatable levels by time:
       D: 336 daAuts
